 Dungeon Sprint DCSS version 0.30-a0-469-g84de5afbc5 (webtiles) character file.

Game seed: 15196980374693598295

3500000 NinjaNoafa the Plane Walker (level 14, -18/87 HPs)
             Began as a Felid Warper on Dec 19, 2022.
             Was a High Priest of Makhleb.
             Demolished by a destroyer
             ... wielding a +9 vorpal great sword
              (105 damage)
             ... in the Dungeon (Sprint VIII: "Arena of Blood").
             The game lasted 00:00:56 (35 turns).

NinjaNoafa the Plane Walker (Felid Warper)            Turns: 35, Time: 00:00:57

Health: -18/87     AC:  3    Str:  7    XL:     14   Next: 66%
Magic:  41/41      EV: 47    Int: 14    God:    Makhleb [*****.]
Gold:   0          SH:  0    Dex: 24    Spells: 58/58 levels left
                                        Lives:  0   Deaths: 3

rFire   . . .      SeeInvis +      - Unarmed
rCold   + . .      Faith    .    (shield unavailable)
rNeg    . . .      Spirit   .    (body armour unavailable)
rPois   .          Reflect  .    (helmet unavailable)
rElec   .          Harm     .    (cloak unavailable)
rCorr   .          Rampage  .    (gloves unavailable)
Will    ++...      NoTele   +    (boots unavailable)
Stlth   ++........               (no amulet)
HPRegen 0.34/turn                g - +27000 ring of slaying
MPRegen 0.27/turn                (no ring)

@: quick
A: very small, claws 1, fangs 3, see invisible, speed 1, shaggy fur 3, stealthy
paws, no weapons or thrown items, no armour, multi-lived
a: Renounce Religion, Minor Destruction, Lesser Servant of Makhleb, Major
Destruction, Greater Servant of Makhleb


You were in the Dungeon.
You worshipped Makhleb.
Makhleb was extremely pleased with you.
You visited 1 branch

Inventory:

Jewellery
 g - a +27000 ring of slaying (left paw)
Potions
 b - a potion of curing
 c - a potion of heal wounds
 e - 2 potions of magic
 f - a potion of berserk rage


   Skills:
 + Level 24.4 Fighting
 O Level 27 Dodging
 + Level 24.4 Unarmed Combat
 + Level 22.6 Spellcasting
 O Level 27 Translocations
 + Level 21.9 Invocations


You had 58 spell levels left.
You didn't know any spells.
Your spell library contained the following spells:

 Spells                   Type           Power      Damage    Failure   Level
 Blink                    Tloc           100%       N/A       0%          2
 Lesser Beckoning         Tloc           100%       N/A       0%          3
 Teleport Other           Tloc           74%        N/A       0%          3
 Manifold Assault         Tloc           74%        N/A       0%          4
 Vhi's Electric Charge    Tloc/Air       100%       N/A       1%          3


Dungeon Overview and Level Annotations

Branches:
Dungeon (1/1)

Altars:
Makhleb


Innate Abilities, Weirdness & Mutations

You have sharp claws.
You have razor-sharp teeth.
You have supernaturally acute eyesight. (SInv)
You cover ground quickly. (Speed+)
Your thick and shaggy fur keeps you warm. (AC +3, rC+)
Your paws help you pounce on unaware monsters.
You are incapable of wielding weapons or throwing items.
You cannot wear armour.
You gain extra lives every three experience levels.


Message History

The large bag of meat shouts in stereo!
You hear a shout! x7
A large bag of meat comes into view. It is wielding a +9 giant spiked club.
You hear a shout! x3
The bag of meat moves out of view.
You hear a shout!
You aren't carrying any scrolls.
You feel yourself speed up.
The destroyer shouts!
You hear a shout!
The destroyer casts a spell at you.
The destroyer blinks!
You hear a shout! x2
The large bag of meat hits you with a +9 giant spiked club!!!!
Ouch! That really hurt!
You die...
The large bag of meat hits you with a +9 giant spiked club!!!
The destroyer gestures at you while chanting.
The destroyer blinks!
A bag of meat comes into view. It is wielding a +9 war axe.
You hear a shout!
The bag of meat shouts!
You are now level 14!
You rejoin the land of the living...
Found an encrusted diamond ring.
The destroyer appears out of thin air!
A destroyer comes into view. It is wielding a +9 vorpal great sword.
The destroyer shouts!
You hear a shout! x3
A bag of meat comes into view. It is wielding a +9 war axe.
You hear a shout! x5
You hear a shout! x2
The destroyer points at you and mumbles some strange words.
The destroyer blinks!
You hear a shout! x2
You eviscerate the bag of meat!!!!!!!!!!!
You kill the bag of meat!
Makhleb accepts your kill.
You can now summon a greater servant of Makhleb.
You hear a shout! x2
A meat berserker comes into view. It is wielding a +9 battleaxe. x2
The destroyer hits you with a +9 vorpal great sword!!!!
Ouch! That really hurt!
You die...

........†..O....
.............#O..
........O...#O.oO
.......o..##OVO..
#........#...o. #
O........#...###
#.#......O...o.
......V).......
#...@.#
...........#
...............
.....=.......##
##############


You could see 2 destroyers, 4 large bags of meat, 3 meat berserkers and 3 bags
of meat.

Vanquished Creatures
  8 ogres (D)
  7 orcs (D)
15 creatures vanquished.

Notes
Turn   | Place    | Note
-------+----------+-------------------------------------------
     0 | D        | NinjaNoafa the Felid Warper began the quest for the Orb.
     0 | D        | Reached XP level 1. HP: 9/9 MP: 4/4
     1 | D        | Noticed a meat berserker
     2 | D        | Noticed a bag of meat
     2 | D        | Noticed a bag of meat
     2 | D        | Noticed a bag of meat
     4 | D        | Became a worshipper of Makhleb the Destroyer
     5 | D        | Noticed a meat berserker
     7 | D        | Killed a bag of meat
     7 | D        | Noticed a bag of meat
     7 | D        | Noticed a meat berserker
     8 | D        | Reached skill level 15 in Dodging
     8 | D        | Reached XP level 2. HP: 22/22 MP: 4/15
     8 | D        | Reached XP level 3. HP: 26/26 MP: 4/16
     8 | D        | Reached XP level 4. HP: 30/30 MP: 4/18
     8 | D        | Reached XP level 5. HP: 34/34 MP: 4/19
     8 | D        | Gained mutation: You are covered in thick fur. (AC +2)
                  | [Felid growth]
     8 | D        | Reached XP level 6. HP: 38/38 MP: 4/21
     8 | D        | Reached XP level 7. HP: 42/42 MP: 4/22
     8 | D        | Reached XP level 8. HP: 45/45 MP: 4/24
     8 | D        | Reached XP level 9. HP: 49/49 MP: 4/25
     8 | D        | Reached XP level 10. HP: 53/53 MP: 4/26
     8 | D        | Noticed a bag of meat
     8 | D        | Noticed a bag of meat
     8 | D        | Noticed a meat berserker
     8 | D        | Noticed a bag of meat
     8 | D        | Noticed a bag of meat
     9 | D        | Noticed a bag of meat
    11 | D        | Noticed a bag of meat
    11 | D        | Noticed a meat berserker
    11 | D        | Noticed a meat berserker
    11 | D        | Noticed a bag of meat
    11 | D        | Noticed a bag of meat
    11 | D        | Noticed a bag of meat
    11 | D        | Noticed a bag of meat
    11 | D        | Noticed a bag of meat
    11 | D        | Noticed a bag of meat
    11 | D        | Noticed a bag of meat
    11 | D        | Noticed a bag of meat
    11 | D        | Noticed a bag of meat
    11 | D        | Noticed a bag of meat
    11 | D        | Noticed a bag of meat
    11 | D        | Noticed a destroyer
    11 | D        | Noticed a bag of meat
    11 | D        | Noticed a bag of meat
    11 | D        | Noticed a bag of meat
    11 | D        | Noticed a bag of meat
    11 | D        | Noticed a bag of meat
    11 | D        | Noticed a bag of meat
    11 | D        | Noticed a bag of meat
    12 | D        | Noticed a meat berserker
    12 | D        | Noticed a bag of meat
    12 | D        | Noticed a bag of meat
    12 | D        | Noticed a bag of meat
    12 | D        | Noticed a bag of meat
    12 | D        | Noticed a bag of meat
    12 | D        | Noticed a bag of meat
    13 | D        | Noticed a meat berserker
    13 | D        | Killed a meat berserker
    13 | D        | Reached * piety under Makhleb
    14 | D        | Reached XP level 11. HP: 10/60 MP: 5/29
    14 | D        | Gained mutation: Your thick and shaggy fur keeps you warm.
                  | (AC +3, rC+) [Felid growth]
    14 | D        | Reached XP level 12. HP: 11/64 MP: 5/30
    14 | D        | Killed a meat berserker
    14 | D        | Noticed a bag of meat
    14 | D        | Noticed a meat berserker
    15 | D        | Reached XP level 13. HP: 54/70 MP: 5/32
    15 | D        | Killed a bag of meat
    16 | D        | Reached skill level 15 in Spellcasting
    16 | D        | Killed a meat berserker
    16 | D        | Reached ** piety under Makhleb
    16 | D        | Mangled by a bag of meat
    17 | D        | Reached XP level 12. HP: -8/67 MP: 5/32
    17 | D        | Reached XP level 13. HP: 73/73 MP: 32/34
    17 | D        | Noticed a bag of meat
    17 | D        | Noticed a meat berserker
    17 | D        | Killed a meat berserker
    17 | D        | Noticed a bag of meat
    18 | D        | Reached XP level 14. HP: 78/78 MP: 32/36
    18 | D        | Noticed a bag of meat
    19 | D        | Noticed a bag of meat
    20 | D        | Noticed a meat berserker
    21 | D        | Noticed a bag of meat
    21 | D        | Noticed a meat berserker
    21 | D        | Noticed a meat berserker
    22 | D        | Killed a meat berserker
    22 | D        | Noticed a large bag of meat
    22 | D        | Noticed a meat berserker
    22 | D        | Noticed a bag of meat
    23 | D        | Killed a bag of meat
    23 | D        | Reached *** piety under Makhleb
    23 | D        | Noticed a bag of meat
    24 | D        | Reached skill level 27 in Translocations
    24 | D        | Killed a meat berserker
    25 | D        | Reached XP level 15. HP: 85/86 MP: 34/39
    26 | D        | Reached **** piety under Makhleb
    26 | D        | Noticed a meat berserker
    27 | D        | Reached skill level 27 in Dodging
    27 | D        | Killed a meat berserker
    28 | D        | Reached XP level 16. HP: 74/93 MP: 34/42
    29 | D        | Killed a meat berserker
    29 | D        | Slain by a meat berserker
    30 | D        | Reached XP level 15. HP: -3/90 MP: 34/41
    30 | D        | Noticed a large bag of meat
    30 | D        | Noticed a large bag of meat
    30 | D        | Noticed an eight-headed meat hydra
    30 | D        | Noticed a destroyer
    30 | D        | Noticed a large bag of meat
    30 | D        | Noticed a meat berserker
    31 | D        | Noticed a meat berserker
    31 | D        | Noticed a large bag of meat
    31 | D        | Noticed a destroyer
    31 | D        | Noticed a large bag of meat
    32 | D        | Demolished by a large bag of meat
    33 | D        | Reached XP level 14. HP: -16/87 MP: 41/41
    33 | D        | Noticed a destroyer
    33 | D        | Noticed a bag of meat
    35 | D        | Killed a bag of meat
    35 | D        | Reached ***** piety under Makhleb
    35 | D        | Noticed a meat berserker
    35 | D        | Noticed a meat berserker
    35 | D        | Demolished by a destroyer

Illustrated notes

Levels and vault maps discovered:
D:        meatsprint

Skill      XL: |  1  2  3  4  5  6  7  8  9 10 11 12 13 14 15 16 |
---------------+-------------------------------------------------+-----
Fighting       | 12 14 17 18 21 24 23 | 24.4
Dodging        | 15 18 22 23 26 27 | 27.0
Unarmed Combat | 12 14 17 18 21 24 | 24.4
Spellcasting   | 11 13 16 17 19 22 | 22.6
Translocations | 17 20 24 25 27 | 27.0
Invocations    | 8 13 14 17 21 | 21.9

Action                   |  1- 3 |  4- 6 |  7- 9 | 10-12 | 13-15 | 16-18 || total
-------------------------+-------+-------+-------+-------+-------+-------++-------
Melee: Unarmed           |     1 |       |       |     2 |    10 |     2 ||    15
  Use: Scroll            |     1 |       |       |     1 |       |       ||     2
       Potion            |       |       |       |       |     1 |       ||     1
Dodge: Dodged            |       |       |       |     2 |     3 |       ||     5

Table legend: (Time is in decaauts)
 A = Elapsed time spent in this place.
 B = Non-inter-level travel time spent in this place.
 C = Inter-level travel time spent in this place.
 D = Time resting spent in this place.
 E = Time spent auto-exploring this place.
 F = Levels seen in this place.
 G = Mean time per level.
                   A        B        C        D        E       F      G
               +--------+--------+--------+--------+--------+-----+--------+
         Total |     28 |     28 |      0 |      0 |      0 |   1 |   28.0 |
       Dungeon |     28 |     28 |      0 |      0 |      0 |   1 |   28.0 |
               +--------+--------+--------+--------+--------+-----+--------+

Top non-repeatable levels by time:
       D: 28 daAuts
